AoeStats
← Luffy (デイビッド)

Black Forest

505448640Analyzed
2v2 RM · 23d ago on Sep 9, 2026· 42m 31s· 4 players
Game mode
Random Map
Map size
Medium (4 player)
Population
200
Speed
Normal
Resources
Standard
Victory
Conquest
Starting age
Dark Age
Ending age
Imperial Age
RankedLock teamsTeams togetherTeam positionsShared explorationLock speedFull tech treeHidden civsTurbo modeCheats
Victory
Defeat
🇦🇷 Bulgarians · Argentina
863
+16
🇷🇴 Mongols · Romania
831
+17
🇸🇪 Britons · Sweden
865
-17
🇸🇪 Franks · Sweden
862
-16
Mihai11003Dan
11:53 Feudal Age
12:25 Horse Collar
12:54 Double-Bit Axe
15:36 Gold Mining
18:55 Wheelbarrow
22:35 Castle Age
24:03 Bow Saw
24:04 Heavy Plow
25:32 Gold Shaft Mining
25:17 Stone Mining
29:22 Stone Shaft Mining
30:11 Hand Cart
31:55 Padded Archer Armor
31:45 Fletching
33:14 Leather Archer Armor
32:54 Bodkin Arrow
36:47 Imperial Age
36:10 Ballistics
36:01 Masonry
38:31 Chemistry
36:53 Elite Mangudai
37:44 Bracer
37:55 Forging
37:38 Loom
37:38 Town Watch
37:18 Capped Ram
39:04 Onager
40:13 Conscription
39:23 Sappers
40:32 Town Patrol
41:18 Nomads
41:42 Drill
Tradermots
0:28 Loom
12:12 Feudal Age
16:46 Arson
23:07 Castle Age
23:58 Gambesons
24:13 Squires
25:02 Scale Mail Armor
25:12 Forging
27:57 Wheelbarrow
30:25 Hand Cart
29:58 Horse Collar
30:07 Double-Bit Axe
32:07 Pikeman
34:53 Bloodlines
36:20 Town Watch
37:03 Town Patrol
40:41 Husbandry
JustinZane
0:30 Loom
15:18 Feudal Age
15:59 Double-Bit Axe
22:20 Forging
27:59 Castle Age
26:19 Scale Barding Armor
27:02 Fletching
29:55 Husbandry
33:01 Iron Casting
32:27 Scale Mail Armor
Luffy (デイビッド)
1:34 Loom
13:06 Feudal Age
14:37 Wheelbarrow
13:51 Double-Bit Axe
24:32 Man-at-Arms
29:55 Castle Age
Connection lost

Rejoining the realm…

Still unreachable

The connection could not be restored.

Session expired

The server has moved on; the page needs a fresh start.